 Dungeon Crawl Stone Soup version 0.25-a0-549-g6e6e650 (webtiles) character file.

Game seed: 1515810644392397705, levelgen mode: deterministic

6 Faels the Grave Robber (level 1, 0/8 HPs)
             Began as a Felid Necromancer on Feb 22, 2020.
             Slain by a jackal (2 damage)
             ... on level 1 of the Dungeon.
             The game lasted 00:00:55 (424 turns).

Faels the Grave Robber (Felid Necromancer)           Turns: 424, Time: 00:00:56

Health: 0/8        AC:  1    Str:  4    XL:     1   Next: 75%
Magic:  1/4        EV: 18    Int: 16    God:
Gold:   26         SH:  0    Dex: 16    Spells: 3/4 levels left
                                        Lives:  0   Deaths: 0

rFire    . . .     SeeInvis +   (weapon unavailable)
rCold    . . .     Gourm    .   (shield unavailable)
rNeg     . . .     Faith    .   (armour unavailable)
rPois    .         Spirit   .   (helmet unavailable)
rElec    .         Reflect  .   (cloak unavailable)
rCorr    .         Harm     .   (gloves unavailable)
MR       .....                  (boots unavailable)
Stlth    +++.......             (no amulet)
HPRegen  0.02/turn              (no ring)
MPRegen  0.09/turn              (no ring)

@: quick
A: very small, no armour, no weapons or thrown items, stealth, claws 1, fangs 3,
see invisible, carnivore, speed 1, shaggy fur 1, slow metabolism 1, sharp paws
a: no special abilities


You were on level 1 of the Dungeon.
You were very full.

You visited 1 branch of the dungeon, and saw 1 of its levels.

You collected 26 gold pieces.

Inventory:

Comestibles
 a - a chunk of flesh
 b - a ration


   Skills:
 + Level 0.9 Fighting
 - Level 2.6 Dodging
 - Level 2.6 Stealth
 + Level 0.9 Unarmed Combat
 - Level 2.0 Spellcasting
 - Level 4.0 Necromancy


You had 3 spell levels left.
You knew the following spells:

 Your Spells              Type           Power        Failure   Level  Hunger
a - Pain                  Necr           ##..         4%          1    #......

Your spell library contained the following spells:

 Spells                   Type           Power        Failure   Level  Hunger
 Animate Skeleton         Necr           N/A          4%          1    #......
 Vampiric Draining        Necr           ##........   12%         3    ###....
 Animate Dead             Necr           N/A          36%         4    #####..
 Agony                    Necr           ##......     73%         5    ######.


Dungeon Overview and Level Annotations

Branches:
Dungeon (1/15)

Altars:


Innate Abilities, Weirdness & Mutations

You cannot wear armour.
You are incapable of wielding weapons or throwing items.
Your paws allow you to move quietly. (Stealth)
You have sharp claws.
You have razor-sharp teeth.
You have supernaturally acute eyesight. (SInv)
You are carnivorous and can eat meat at any time.
You cover ground quickly.
You are covered in fur. (AC +1)
You have a slow metabolism.
Your sharp claws are effective at attacking unaware monsters.


Message History

The jackal writhes in agony.
The jackal barely misses you. The jackal closely misses you.
You scratch the jackal.
You kill the jackal!
The jackal misses you.
Casting: Pain (safe; 4% risk of failure)
Confirm with . or Enter, or press ? or * to list all spells.
Aiming: Pain (safe; 4% risk of failure)
Press: ? - help, Shift-Dir - straight line, f - jackal
Aim: a jackal (chance to defeat MR: 85%)
The jackal writhes in agony.
The jackal bites you.
* * * LOW HITPOINT WARNING * * *
Casting: Pain (safe; 4% risk of failure)
Confirm with . or Enter, or press ? or * to list all spells.
You don't have enough magic to cast that spell.
Unknown command.
You scratch the jackal but do no damage.
The jackal is lightly wounded.
The jackal bites you.
You die...

##...#... #........
#...#..# ####.....#
...(.#...# #.....#
####รท.# #.....# #
#.###@# .# ## #.# #h# .#
.. ####.###.###.#.#
.######.(..##...#....#
........#..##.#......#
########....##....h...#
#...........####.#....#
##.#######...###.###?.##
...# #......# #...


You could see a jackal.

Vanquished Creatures
  2 jackals (D:1)
  A ball python (D:1)
  4 rats (D:1)
7 creatures vanquished.

Notes
Turn   | Place    | Note
-------+----------+-------------------------------------------
     0 | D:1      | Faels the Felid Necromancer began the quest for the Orb.
     0 | D:1      | Reached XP level 1. HP: 7/7 MP: 4/4
   424 | D:1      | Slain by a jackal

Levels and vault maps discovered:
D:1:      elethiomel_arrival_quiet, layout_loops_ring

Action                   || total
-------------------------++-------
Melee: Unarmed           ||    15
       Bite              ||     1
 Cast: Pain              ||     5
 Stab: Sleeping          ||     1
  Eat: Chunk             ||     4
Armor: Skin              ||     1
Dodge: Dodged            ||    10

Table legend:
 A = Non-vault XP
 B = Vault XP
 C = Vault XP percentage of total XP
 D = Non-vault monster count
 E = Vault monster count
 F = Vault count percentage of total count
                 A         B        C        D         E       F
            +---------+---------+-------+---------+---------+-------
      Total |       9 |       0 |   0.0 |       7 |       0 |   0.0
            +---------+---------+-------+---------+---------+-------
        D:1 |       9 |       0 |   0.0 |       7 |       0 |   0.0
            +---------+---------+-------+---------+---------+-------
